Cogmind - Beta 10 @@@ ROGUE MODE // 2020.09.18 @ 13:39:36 Player: Terminus Result: Destroyed by H-55 Commando with Gauss Rifle Performance ------------- Evolutions (1) 500 Regions Visited (5) 1000 Robots Destroyed (81) 405 Value Destroyed (1589) 1589 Prototype IDs (27) 540 Alien Tech Used (0) 0 Bonus (-22) -22 TOTAL SCORE: 4012 Bonus ------- Follower Combat Kills 14 Aligned with FarCom 300 Friendly Fire -336 Cogmind --------- Core Integrity 0/400 Matter 215/300 Energy 250/250 System Corruption 1% Temperature Cool (0) Movement Walking (120) Location -9/Exiles Parts ------- > --- POWER (1) -------- Ion Engine > --- PROPULSION (2) --- Aluminum Leg Advanced Myomer Leg > --- UTILITY (4) ------ Lightpack 2.0 > --- WEAPON (2) ------- (None) > --- INVENTORY (24) --- Experimental Heat Sink High-capacity Matter Pod (15) Advanced Sensor Array Experimental Targeting Computer Advanced Weapon Cycler Medium Armor Plating Medium Armor Plating Hacking Suite Heavy EM Pulse Gun Guided Plasma Cannon Heavy Assault Rifle Autogun Autogun 8R-AWN's Boregun Plasma Cutter Katana Peak State ------------ > --- POWER ------------ Ion Engine > --- PROPULSION ------- Aluminum Leg Advanced Myomer Leg > --- UTILITY ---------- Lightpack 2.0 8R-AWN's Armor/EX > --- WEAPON ----------- Heavy EM Pulse Gun Autogun > --- INVENTORY -------- Experimental Heat Sink High-capacity Matter Pod Advanced Sensor Array Experimental Targeting Computer Advanced Weapon Cycler Medium Armor Plating Medium Armor Plating Hacking Suite Guided Plasma Cannon Heavy Assault Rifle Autogun Autogun 8R-AWN's Boregun Grenade Launcher Plasma Cutter Katana [Rating: 60] Favorites ----------- Power Ion Engine Engine Ion Engine Propulsion Aluminum Leg Leg Aluminum Leg Utility High-capacity Storage Unit Device Improved Heat Sink Storage High-capacity Storage Unit Processor Armor Integrity Analyzer Protection Medium Armor Plating Weapon Autogun Energy Gun Small Laser Ballistic Gun Autogun Launcher Grenade Launcher Slashing Weapon Katana Build | -11 -10 -10 -9 -9 -9 ------- Run | Scr Mat Min Mat Min Exi Slots Evolved 2 | . . . 2 . . Power . | . . . . . . Propulsion . | . . . . . . Utility 2 | . . . 2 . . Weapon . | . . . . . . Parts Attached 55 | 6 8 1 14 5 21 Power 5 | 1 1 . 2 . 1 Engine 5 | 1 1 . 2 . 1 Core . | . . . . . . Reactor . | . . . . . . Propulsion 8 | 2 . 1 2 . 3 Treads . | . . . . . . Leg 8 | 2 . 1 2 . 3 Wheel . | . . . . . . Hover . | . . . . . . Flight . | . . . . . . Utility 21 | 1 5 . 5 . 10 Device 4 | . . . 2 . 2 Storage 9 | 1 5 . 1 . 2 Processor 2 | . . . . . 2 Hackware . | . . . . . . Protection 6 | . . . 2 . 4 Artifact . | . . . . . . Weapon 21 | 2 2 . 5 5 7 Energy Gun 2 | 1 . . . . 1 Energy Cannon . | . . . . . . Ballistic Gun 11 | 1 2 . 4 2 2 Ballistic Cannon . | . . . . . . Launcher 7 | . . . 1 3 3 Special Weapon . | . . . . . . Impact Weapon . | . . . . . . Slashing Weapon 1 | . . . . . 1 Piercing Weapon . | . . . . . . Special Melee Weapon . | . . . . . . Unidentified Prototypes 4 | . . . . . 4 Parts Lost 12 | . . . 2 . 10 Power 1 | . . . . . 1 Propulsion 3 | . . . . . 3 Utility 3 | . . . . . 3 Weapon 5 | . . . 2 . 3 Highest Loss Streak 7 | . . . 1 . 7 Average Slot Usage (%) 98 | . 99 100 100 100 90 Engine 11 | . 14 14 11 11 8 Leg 24 | . 28 28 22 22 19 Storage 28 | . 27 28 29 33 20 Protection 6 | . . . 11 11 10 Ballistic Gun 21 | . 24 28 21 14 14 Launcher 2 | . . . . 7 7 Naked Turns . | . . . . . . Heaviest Build 100 | 12 75 75 100 100 100 Greatest Support 40 | 20 20 20 25 25 40 Greatest Overweight (x) 5 | 3 3 3 4 3 5 Average Overweight (x) 2 | . 2 3 3 3 2 Largest Inventory Capacity 26 | 6 20 20 26 26 26 Average Capacity 18 | 5 17 20 24 26 20 Most Carried 26 | 2 20 20 26 26 26 Average Carried 16 | 1 12 19 23 25 17 Final Capacity 26 | 6 20 20 26 26 24 Final Carried 26 | 2 20 20 26 26 16 Class Distribution -------------------- 67% | Hauler-Mutant 32% | Mutant Dominant Class ---------------- Hauler-Mutant | -10/Materials Hauler-Mutant | -10/Mines Hauler-Mutant | -9/Materials Hauler-Mutant | -9/Mines Hauler-Mutant | -9/Exiles Resources | -11 -10 -10 -9 -9 -9 ----------- Run | Scr Mat Min Mat Min Exi Matter Collected 2121 | 234 512 87 788 180 320 Remotely . | . . . . . . Salvage Created 2481 | 59 875 114 879 407 147 Parts 147 | 1 54 5 57 22 8 Haulers Intercepted 4 | . 2 . 2 . . Recyclers Shooed 3 | . 1 . 2 . . Parts Field Recycled . | . . . . . . Retrieved Matter . | . . . . . . Parts Self-Destructed . | . . . . . . Prevented . | . . . . . . Kills | -11 -10 -10 -9 -9 -9 ------- Run | Scr Mat Min Mat Min Exi Combat Hostiles Destroyed 54 | . 14 3 18 11 8 Guns 37 | . 14 3 17 1 2 AOE 17 | . . . 1 10 6 Classes Destroyed 12 | 1 8 . 1 1 1 Worker 5 | . 2 1 . 2 . Builder 2 | . 2 . . . . Tunneler 1 | . 1 . . . . Hauler 4 | . 2 . 2 . . Recycler 6 | 1 3 . 1 1 . Operator 6 | . 2 . 4 . . Watcher 3 | . 1 . 2 . . Swarmer 14 | . 6 1 7 . . Grunt 27 | . 8 2 8 9 . Duelist 2 | . . . . 2 . Sentry 3 | . . . 3 . . Assembled 7 | . . . . . 7 Best Kill Streak 7 | 1 5 2 5 5 7 Combat Bots Only 7 | . 5 2 5 3 7 Max Kills in Single Turn 3 | 1 2 1 1 3 2 Gunslinging 1 | . 1 . . . . Exploded 2 | . . . 1 2 2 Melee . | . . . . . . Uniques/NPCs Destroyed 1 | . . . . . 1 8R-AWN (-9/Exiles) Combat | -11 -10 -10 -9 -9 -9 -------- Run | Scr Mat Min Mat Min Exi Damage Taken 2893 | . 337 . 575 224 1757 Core 462 | . 62 . 125 44 231 Absorbed by Shields . | . . . . . . Core Remaining (%) 87 | 100 . 75 . . . Volleys Fired 184 | 5 65 6 63 16 29 Largest 2 | 2 2 2 2 1 2 Hottest 60 | 60 60 46 46 30 46 Shots Fired 340 | 10 128 12 124 16 50 Gun 322 | 10 128 12 122 5 45 Cannon . | . . . . . . Launcher 18 | . . . 2 11 5 Special . | . . . . . . Kinetic 299 | 5 110 12 122 5 45 Thermal 23 | 5 18 . . . . Explosive 18 | . . . 2 11 5 Electromagnetic . | . . . . . . Robot Hit Streak 14 | 3 13 6 10 2 14 Robot Miss Streak 4 | 1 4 1 4 2 3 Penetration Max . | . . . . . . Secondary Targets 2 | . 1 . 1 . . Max Gunslinging Chain 1 | . 1 . 1 . . Shots Hit Robots 217 | 7 86 8 74 5 37 Core Hits 132 | 2 40 4 35 22 29 Critical Hits 1 | . . . 1 . . Critical Kills 1 | . . . 1 . . Critical Parts Destroyed . | . . . . . . Melee Attacks 1 | . . . . . 1 Impact . | . . . . . . Slashing 1 | . . . . . 1 Piercing . | . . . . . . Sneak Attacks 1 | . . . . . 1 Combat Hostiles . | . . . . . . Follow-up Attacks . | . . . . . . Damage Inflicted 4300 | 103 1193 122 1049 768 1065 Guns 2951 | 103 1193 122 961 32 540 Cannons . | . . . . . . Explosions 1243 | . . . 88 736 419 Melee 106 | . . . . . 106 Ramming . | . . . . . . Kinetic 2740 | 46 1039 122 961 32 540 Thermal 211 | 57 154 . . . . Explosive 1243 | . . . 88 736 419 Electromagnetic . | . . . . . . Impact . | . . . . . . Slashing 106 | . . . . . 106 Piercing . | . . . . . . Highest Corruption 1 | . . . . . 1 Average Corruption 1 | . . . . . 1 Corruption Purged . | . . . . . . Overload Shots . | . . . . . . Overflow Damage 104 | . . . . . 104 Projectiles . | . . . . . . Explosions 38 | . . . . . 38 Melee 66 | . . . . . 66 Knockbacks . | . . . . . . Impact . | . . . . . . Kinetic . | . . . . . . Secondary . | . . . . . . Self-Inflicted Damage 62 | . . . . 62 . Shots 3 | . . . . 3 . Rammed . | . . . . . . Targets Rammed . | . . . . . . Kicked . | . . . . . . Crushed . | . . . . . . Highest Temperature 46 | 20 30 6 46 15 16 Average Temperature 10 | 17 9 4 14 5 6 Received Heat Transfer 507 | . 135 . 192 90 90 Siege Activations . | . . . . . . Robots Corrupted . | . . . . . . Combat Hostiles . | . . . . . . Parts Fried . | . . . . . . Impact Corruptions . | . . . . . . Robots Melted . | . . . . . . Combat Hostiles . | . . . . . . Parts Melted . | . . . . . . Heat Transferred 475 | 125 350 . . . . Parts Sabotaged . | . . . . . . Parts Stolen . | . . . . . . Parts Stripped . | . . . . . . Power Chain Reactions . | . . . . . . Missiles Intercepted . | . . . . . . Alert | -11 -10 -10 -9 -9 -9 ------- Run | Scr Mat Min Mat Min Exi Peak Influence 250 | 5 250 114 233 150 . Initial 56 | . . 56 1 . . Average 52 | . 126 21 104 44 . Maximum Alert Level 1 | . 1 . 1 . . Low Security (%) 94 | 100 87 100 83 100 . Level 1 5 | . 12 . 16 . . Level 2 . | . . . . . . Level 3 . | . . . . . . Level 4 . | . . . . . . Level 5 . | . . . . . . High Security . | . . . . . . Max Security . | . . . . . . Squads Dispatched 6 | . 3 . 3 . . Investigation 1 | . 1 . . . . Extermination . | . . . . . . Reinforcement 5 | . 2 . 3 . . Assault . | . . . . . . Garrison . | . . . . . . Intercept . | . . . . . . Construction Impeded . | . . . . . . Haulers Reinforced . | . . . . . . Stealth | -11 -10 -10 -9 -9 -9 --------- Run | Scr Mat Min Mat Min Exi Distress Signals 2 | . 2 . . . . Communications Jammed . | . . . . . . Distress Signals . | . . . . . . Times Spotted 109 | . 29 5 25 12 38 Peak Tracking Total 31 | . 5 3 5 3 31 Tactical Retreats 2 | . . . 1 1 . Traps | -11 -10 -10 -9 -9 -9 ------- Run | Scr Mat Min Mat Min Exi Traps Triggered . | . . . . . . Indirectly . | . . . . . . Trap Hack Attempts . | . . . . . . Triggered . | . . . . . . Disarmed . | . . . . . . Reprogrammed . | . . . . . . Reused . | . . . . . . Traps Extracted . | . . . . . . Installed . | . . . . . . Triggered . | . . . . . . Machines | -11 -10 -10 -9 -9 -9 ---------- Run | Scr Mat Min Mat Min Exi Machines Disabled 2 | . . . . . 2 Max in Single Turn 1 | . . . . . 1 Machines Sabotaged . | . . . . . . Garrisons Compromised . | . . . . . . Overloaded Fab Kills . | . . . . . . Fab Network Shutdowns . | . . . . . . Hacking | -11 -10 -10 -9 -9 -9 --------- Run | Scr Mat Min Mat Min Exi Machines Accessed 11 | . 4 1 3 . 3 Terminals 5 | . 3 . 2 . . Fabricators . | . . . . . . Repair Stations 1 | . . . 1 . . Recycling Units 1 | . 1 . . . . Scanalyzers . | . . . . . . Garrison Access . | . . . . . . Total Hacks 35 | . 16 1 9 . 9 Successful 29 | . 12 1 7 . 9 Failed 6 | . 4 . 2 . . Catastrophic 2 | . . . 2 . . Database Lockouts . | . . . . . . Manual 21 | . 14 . 6 . 1 Terminals 22 | . 15 . 7 . . Fabricators . | . . . . . . Repair Stations 2 | . . . 2 . . Recycling Units 1 | . 1 . . . . Scanalyzers . | . . . . . . Garrison Access . | . . . . . . Terminal Hacks 21 | . 8 1 3 . 9 Record 8 | . . . . . 8 Open Door 1 | . . 1 . . . Alert Level 4 | . 3 . 1 . . Recall Reinforcements 2 | . 1 . 1 . . Hauler Manifests 1 | . 1 . . . . Zone Layout 4 | . 3 . 1 . . EX-Prototype ID Bank 1 | . . . . . 1 Fabricator Hacks . | . . . . . . Repair Station Hacks 2 | . . . 2 . . Scan Component 1 | . . . 1 . . Repair 1 | . . . 1 . . Recycling Unit Hacks . | . . . . . . Scanalyzer . | . . . . . . Garrison Access Hacks . | . . . . . . Unauthorized Hacks 6 | . 4 . 2 . . Terminals 5 | . 3 . 2 . . Botnet 5 | . 3 . 2 . . Fabricators . | . . . . . . Repair Stations . | . . . . . . Recycling Units 1 | . 1 . . . . Tunnel 1 | . 1 . . . . Scanalyzers . | . . . . . . Garrison Access . | . . . . . . Data Cores Recovered 1 | . . . 1 . . Used . | . . . . . . Hacking Detections 4 | . 2 . 2 . . Full Trace Events . | . . . . . . Feedback Events . | . . . . . . Feedback Blocked . | . . . . . . Robot Schematics Acquired . | . . . . . . Robots Built . | . . . . . . Matter . | . . . . . . Time . | . . . . . . Total Robot Build Rating . | . . . . . . Part Schematics Acquired . | . . . . . . Parts Built . | . . . . . . Matter . | . . . . . . Time . | . . . . . . Total Part Build Rating . | . . . . . . Parts Repaired 1 | . . . 1 . . Time 38 | . . . 38 . . Parts Recycled . | . . . . . . Recycled Matter . | . . . . . . Retrieved Matter . | . . . . . . Retrieved Components . | . . . . . . Parts Scanalyzed . | . . . . . . Part Schematics Acquired . | . . . . . . Parts Damaged . | . . . . . . Bothacking | -11 -10 -10 -9 -9 -9 ------------ Run | Scr Mat Min Mat Min Exi Used RIF Installer . | . . . . . . Robots Hacked . | . . . . . . Non-combat . | . . . . . . Combat . | . . . . . . Robot Hacks Applied . | . . . . . . Relay Couplers Released . | . . . . . . Robots Rewired . | . . . . . . Allies Hacked . | . . . . . . Hacks Repelled . | . . . . . . Allies | -11 -10 -10 -9 -9 -9 -------- Run | Scr Mat Min Mat Min Exi Total Allies 3 | . . 3 . . . Largest Group 3 | . . 3 1 . . Highest-Rated Group 40 | . . 40 8 . . Highest-Rated Ally 16 | . . 16 8 . . Total Orders . | . . . . . . Ally Attacks 29 | . . 26 3 . . Total Damage 175 | . . 142 33 . . Kills 2 | . . 2 . . . Allies Corrupted . | . . . . . . Allies Melted . | . . . . . . Intel | -11 -10 -10 -9 -9 -9 ------- Run | Scr Mat Min Mat Min Exi Robot Analysis Total . | . . . . . . Derelict Logs Recovered 4 | . . 2 . 2 . Drone Launches . | . . . . . . Drone Recoveries . | . . . . . . Exploration | -11 -10 -10 -9 -9 -9 ------------- Run | Scr Mat Min Mat Min Exi Turns Passed 8403 | 2033 1039 1583 1764 1265 719 Spaces Moved 2991 | 223 426 734 710 573 325 Core 16 | 15 . . . . 1 Treads . | . . . . . . Legs 2975 | 208 426 734 710 573 324 Wheels . | . . . . . . Hover . | . . . . . . Flight . | . . . . . . Fastest Speed 50 | 50 120 210 210 210 120 Average Speed 197 | 120 189 210 210 210 180 Slowest Speed 270 | 200 210 210 240 210 270 Overloaded Moves . | . . . . . . Propulsion Burnouts . | . . . . . . Robots Hopped . | . . . . . . Cave-ins Triggered . | . . . . . . Exploration Rate (%) 64 | 25 77 92 39 97 54 Regions Visited 5 Branch Regions 3 Pre-discovered Areas 2 | . 1 . . . 1 Known Exits Taken 1 | . . 1 . . . Unknown Exits Taken 4 | 1 1 . 1 1 . Scrap Searched 2 | . . 1 . 1 . Spaces Dug 21 | . . . . 21 . Terrain Destroyed 133 | . . . 14 103 16 Melee . | . . . . . . Projectile . | . . . . . . AOE 133 | . . . 14 103 16 Terrain Rammed . | . . . . . . Walls Destroyed . | . . . . . . Machines Disabled . | . . . . . . Actions | -11 -10 -10 -9 -9 -9 --------- Run | Scr Mat Min Mat Min Exi Total 5218 | 1975 549 772 888 620 414 Wait 1875 | 1740 29 19 63 23 1 Move 2986 | 222 425 733 709 572 325 Hop . | . . . . . . Pick Up 72 | 2 17 6 22 2 23 Fast Attach 16 | 6 1 . 1 . 8 Attach 10 | . . . 4 . 6 Detach 1 | . . . . . 1 Swap 29 | . 7 1 9 5 7 Drop 44 | . 5 7 17 2 13 Fire 184 | 5 65 6 63 16 29 Melee 1 | . . . . . 1 Ram . | . . . . . . Kick . | . . . . . . Crush . | . . . . . . Escape Stasis . | . . . . . . Rewire . | . . . . . . Trap . | . . . . . . Miscellaneous . | . . . . . . Route ------- -11/Scrapyard -10/Materials (discovered 3 exits: *Mat x2 / *Min) -10/Mines (discovered 2 exits: *Mat x2) -9/Materials -9/Mines (discovered 3 exits: [*Mat x2] / *Exi) -9/Exiles History --------- Turn | Location | Event 9 | -11/Scrapyard | Discovered new exit (range 16) 2034 | -11/Scrapyard | Entered Materials 2035 | -10/Materials | Build established: Mutant 2274 | -10/Materials | Discovered new exit (range 16) 2405 | -10/Materials | Discovered new exit (range 15) 2614 | -10/Materials | Discovered new exit (range 5) 2809 | -10/Materials | Build established: Hauler-Mutant 3073 | -10/Materials | Entered Mines 3191 | -10/Mines | Learned Materials terminal intel 3275 | -10/Mines | Assisted by bots powering up and referring to "LRC-V3" 3553 | -10/Mines | Met a Derelict who couldn't figure out how to use a Trap Extractor 4117 | -10/Mines | Identified exit to Materials 4470 | -10/Mines | Discovered exit to Materials (range 9) 4656 | -10/Mines | Entered Materials 4656 | -9/Materials | Accompanied by 1 ally 4656 | -9/Materials | Evolved 2 slots: Utility x2 4657 | -9/Materials | Loaded intel: 12 terminal locations 5507 | -9/Materials | Discovered new exit (range 13) 5744 | -9/Materials | Repaired Adv. Sensor Array 6420 | -9/Materials | Entered Mines 6764 | -9/Mines | Discovered new exit (range 5) 6874 | -9/Mines | Discovered new exit (range 8) 7097 | -9/Mines | Learned location of 1 exit from Materials 7669 | -9/Mines | Deemed a non-threat by the Exiles lab entrance 7672 | -9/Mines | Discovered new exit (range 5) 7685 | -9/Mines | Entered Exiles 7736 | -9/Exiles | Met 8R-AWN 7767 | -9/Exiles | Met EX-HEX 7851 | -9/Exiles | Met EX-DEC 7872 | -9/Exiles | Learned location of Zion (-7) 7912 | -9/Exiles | Met EX-BIN 7950 | -9/Exiles | Aligned with FarCom system 7952 | -9/Exiles | Given EX-Vault access code 8000 | -9/Exiles | Opened EX-Vault 8077 | -9/Exiles | Warned to stay clear of 0b10 Research branches 8087 | -9/Exiles | Exiles lab attacked by MAIN.C 8092 | -9/Exiles | Attacked by the Exiles 8135 | -9/Exiles | Destroyed 7 combat bots 8149 | -9/Exiles | Core integrity fell below 50% 8191 | -9/Exiles | Destroyed 8R-AWN 8216 | -9/Exiles | Found Prototype Processor 8217 | -9/Exiles | Lost 7 parts (1p3n2u1w) 8219 | -9/Exiles | Found Prototype Ballistic Gun 8235 | -9/Exiles | Found Prototype Protection 8235 | -9/Exiles | Identified 8R-AWN's Armor/EX 8291 | -9/Exiles | Found Lightpack 2.0 8335 | -9/Exiles | Found Gui. Plasma Cannon 8402 | -9/Exiles | Core integrity fell below 20% 8404 | -9/Exiles | Destroyed by H-55 Commando with Gauss Rifle Last Messages --------------- 08390_ Slug penetrates Wall. 08392_ Slug penetrates Machine. 08393_ Penetrated by Slug. 08394_ Critical hit. 08395_ Penetrated by Slug. 08395_ Slug penetrates P-60 Hacker. 08396_ P-60 Hacker destroyed. 08397_ Slug penetrates Machine. 08398_ Critical hit. 08398_ Penetrated by Slug. 08398_ Slug penetrates Machine. 08399_ Grenade Launcher destroyed. 08401_ Slug penetrates P-60 Hacker. 08401_ Penetrated by Slug. 08402_ Autogun destroyed. 08403_ Slug penetrates G-34 Mercenary. 08403_ Penetrated by Slug. 08403_ 8R-AWN's Armor/EX destroyed. 08404_ P-60 Hacker resets L-31 Rogue, system corruption cleaned. 08404_ Penetrated by Slug. Map ----- +----------------------------------------------------+ | ????????????????#""""""?# #?#########????????? | | ????????????????##"###??# #?#"""""""#????????? | | ????????????????? ??????# #?#"""""""#????????? | | ????????????????????????# #?#""""" "#????????? | | ???????????????????????## ###"" " "#????????? | | ???????????????????????# " ""#????????? | | ???????????????????????#" ""#????????? | | ???????????????????????#" """#????????? | | ???????????????????????#" " "#????????? | | ??????????##???????????#" "#???"????? | | ?????????? """????????# ! "" ## """#??? | | ??????????" """#???????## ! ! * """" #??? | | ??????????" ?????????# """"#????? | | ?????????"" ?????????# " ! "" " #???? | | ?????????"" "#????????# "" # """#???? | | ????????? ""?????????# "" ""#?"""????? | | ??????????" "?????????## # ########????????? | | ??????????# #????????## ## #??????????????? | | ###?????### ###?######" # ###??????????????? | | """#####X# #"###""" " #??????????????? | | """""" % ###?#########????? | | "" "" *p #####"""""""""##?? | | " " hgbpp " """ """"#?? | | g pg h h "" " #? | | g ggl h " """#? | | # bggg @ " "#? | | ## h gh " "## | | ?##" g[ h ""# | | ??#""" *h """""" h "" | | ??#" % !######""" | | ??"" = ""##????#####""" | | ??""" """##?????????##""" h | | ??"" """##???????????#"""" | | ??"" ""#????????????#"" | | ??" ##???????????#"""" | | ??"" ???????????"" | | ??" ?????????"" | | ??"" ??????? | | ???""" ????????? | | ???? ???????? " | | ???? ????????? "" """ | | ?????"" ????????? ##""" " " ""#" | | ??????? ?????????????####""" """##""""""" | | ??????????? ?????????????????###""""#?######## | | ???????????????????????????????????####??????????? | | ?????????????????????????????????????????????????? | | ?????????????????????????????????????????????????? | | ?????????????????????????????????????????????????? | | ?????????????????????????????????????????????????? | | ?????????????????????????????????????????????????? | +----------------------------------------------------+ Best States ------------- Heat Dissipation 42 Energy Generation 12 Energy Capacity 265 Matter Stores 300 Matter Capacity 300 Sight Range 16 Terrain Scan Density 10 Armor Coverage 1000 Resistance: EX 90 Evasion (%) 40 Armor Integrity Analysis 33 Salvage Targeting 1 Item Schematics ----------------- None Robot Schematics ------------------ None Fabricated ------------ Nothing Alien Tech Used ----------------- None Achievements -------------- None Challenges ------------ None Game ------ Seed AssemblyAutogunLaser Manual? 0 Play Time 00:34:49 Cumulative 1083.2 hours Start 2020.09.18 @ 13:02:56 End 2020.09.18 @ 13:39:36 Sessions 1 Manual Loads 0 Difficulty Rogue Special Mode None Game No. 352 Rogue 352 Adventurer 0 Explorer 0 Win Type - Total 78 Types 14/9/35/5/1/2/12/0/0 Lore% 95 Gallery% 95 Achievement% 85 Wizard Run 0 Options --------- ASCII 0 Keyboard 0 Movement Numpad Keybinds 0 Fullscreen 1 Font 18/SmallcapsGlow Map View 76x50 Tactical HUD 1 Map Filters NONE Filters NONE Steam 1 RUN: 871d57f2-d164-4368-b6be-b8e1df77af5f